 Dungeon Crawl Stone Soup version 0.25-a0-310-g60f0ac2d9a (webtiles) character file.

Game seed: 15848367474125280299, levelgen mode: classic

60296 Borgoz the Protected (level 14, -1/141 HPs)
             Began as a Gargoyle Berserker on Dec 24, 2019.
             Was a High Priest of Trog.
             Slain by a yak (7 damage)
             ... on level 6 of the Lair of Beasts.
             The game lasted 00:30:01 (16067 turns).

Borgoz the Protected (Gargoyle Berserker)          Turns: 16067, Time: 00:30:02

Health: -1/141     AC: 28    Str: 28    XL:     14   Next: 98%
Magic:  0/15       EV: 16    Int:  7    God:    Trog [*****.]
Gold:   1284       SH:  0    Dex: 18    Spells: 13/13 levels left

rFire    . . .     SeeInvis .   a - +4 scimitar (flame)
rCold    . . .     Gourm    .   (no shield)
rNeg     + . .     Faith    +   O - +2 chain mail {MR+}
rPois    ∞         Spirit   +   E - +0 helmet
rElec    +         Reflect  .   N - scarf {Spirit}
rCorr    .         Harm     .   (no gloves)
MR       ++...                  m - +0 pair of boots
Stlth    ..........             K - amulet of faith
HPRegen  0.33/turn              t - +3 ring of dexterity
MPRegen  0.14/turn              C - +2 ring of dexterity

@: berserking (expiring), very quick
A: big wings, negative energy resistance 1, electricity resistance, unbreathing,
petrification resistance, rot immunity, AC +10
a: Fly, Berserk, Trog's Hand, Brothers in Arms, Renounce Religion


You were on level 6 of the Lair of Beasts.
You worshipped Trog.
Trog was extremely pleased with you.
You were near starving.

You visited 2 branches of the dungeon, and saw 18 of its levels.
You also visited: Sewer.

You collected 1284 gold pieces.

Inventory:

Hand Weapons
 a - a +4 scimitar of flaming (weapon)
 B - the +2 dagger "Killer Klown's Death" {vamp, +Rage rF+ rC- Stlth+}
   (You found it on level 6 of the Dungeon)

   It inflicts no extra harm, but heals its wielder when it wounds a living foe.
   It protects you from fire.
   It makes you vulnerable to cold.
   It lets you go berserk.
   It makes you more stealthy.
 Q - the +10 great mace "Micwi" {antimagic, *Noise rF++}
   (You took it off an ogre on level 5 of the Dungeon)

   It reduces the magical energy of the wielder, and disrupts the spells and
   magical abilities of those hit.
   Natural abilities and divine invocations are not affected.
   It greatly protects you from fire.
   It may make noises in combat.
 W - a +5 antimagic great sword
 Z - a +5 antimagic great sword
Armour
 m - a +0 pair of boots (worn)
 E - a +0 helmet (worn)
 N - a scarf of spirit shield (worn)
 O - a +2 chain mail of magic resistance (worn)
Jewellery
 b - an uncursed ring of ice
 i - an uncursed ring of protection from fire
 t - a +3 ring of dexterity (left hand)
 v - an uncursed ring of flight
 C - a +2 ring of dexterity (right hand)
 D - an uncursed amulet of rage
 K - an amulet of faith (around neck)
 V - an uncursed ring of see invisible
 Y - an uncursed ring of ice
Wands
 j - a wand of polymorph (6)
 w - a wand of clouds (1)
 x - a wand of flame (51)
 y - a wand of scattershot (3)
 F - a wand of digging (10)
 G - a wand of iceblast (20)
 H - a wand of paralysis (6)
 M - a wand of disintegration (19)
 U - a wand of enslavement (6)
Scrolls
 d - 4 scrolls of remove curse
 n - a scroll of magic mapping
 o - 8 scrolls of teleportation
 p - a scroll of summoning {unknown}
 u - 4 scrolls of enchant weapon
 I - 5 scrolls of fog
 L - 4 scrolls of fear {unknown}
 S - a scroll of random uselessness {unknown}
 T - 2 scrolls of holy word {unknown}
 X - a scroll of enchant armour
Potions
 e - 2 potions of magic
 f - 4 potions of might
 g - 5 potions of lignification {unknown}
 h - 3 potions of berserk rage {unknown}
 k - 5 potions of curing
 l - a potion of flight {unknown}
 q - 2 potions of resistance
 r - 4 potions of heal wounds {unknown}
 s - 2 potions of haste
 z - 3 potions of brilliance {unknown}
 A - 2 potions of ambrosia
 J - a potion of cancellation
 P - a potion of agility
Comestibles
 c - 42 rations


   Skills:
 + Level 13.0 Fighting
 * Level 13.4 Long Blades
 + Level 13.8 Armour
 + Level 10.9 Dodging
 - Level 1.3 Evocations


You had 13 spell levels left.
You didn't know any spells.
Your spell library was empty.

Dungeon Overview and Level Annotations

Branches:
Dungeon (12/15)            Temple (0/1) D:6            Lair (6/6) D:9
  Swamp (0/4) Lair:4       Spider (0/4) Lair:2        Slime (0/5) Lair:6
    Orc (0/2) D:10          Sewer (visited)

Altars:
Fedhas
Hepliaklqana
Nemelex Xobeh
Ru
Sif Muna
Uskayaw
Vehumet
Yredelemnul
Jiyva

Annotations:
Lair:6 exclusion: oklob plant


Innate Abilities, Weirdness & Mutations

You are resistant to torment.
Your stone body is resilient. (AC +10)
You are immune to poison.
Your large and strong wings let you fly indefinitely.
You resist negative energy. (rN+)
You are resistant to electric shocks. (rElec)
You can survive without breathing.
You are immune to petrification.
You are immune to rotting.


Message History

Trog accepts your kill.
You slash the yak! You burn the yak.
You kill the yak!
Trog accepts your kill. The yak misses you.
You see here a death yak corpse.
Your chain mail prevents you from hitting the dream sheep.
The dream sheep bites you but does no damage.
You slash the dream sheep! You burn the dream sheep.
The dream sheep is almost dead.
The yak closely misses you.
You closely miss the dream sheep.
The dream sheep is almost dead.
The dream sheep closely misses you.
You slice the dream sheep!! You burn the dream sheep.
You feel the power of Trog in you as your rage grows.
You kill the dream sheep!
Trog accepts your kill. The yak gores you!
You die...

......### ......#
##P....... ...####
##........# ...#
#.........## #..#
##..........# #.##
#...........# ###
#...........#
#######.........#
#..#.##..@††...P#
###.......Y)†...##
#####......#..†††.#.#
#..#...............#
#P#..P.#........†.####
......P............#
................#.##
...............####
...........P..#.#


You could see a yak.

Vanquished Creatures
  Rupert (Lair:5)
  Snorg (Lair:6)
  Fannar (D:11)
  Josephine (Lair:4)
  Erica (D:9)
  3 hydras
  A two-headed ogre (D:12)
  6 death yaks (Lair:6)
  Nergalle (Lair:1)
  Sonja (Lair:2)
  An unseen horror (D:9)
  21 elephants
  A centaur zombie (D:12)
  A moth of wrath (Lair:4)
  5 black mambas
  18 spiny frogs
  5 komodo dragons
  A rime drake (Lair:2)
  A kobold demonologist (D:11)
  A polar bear (Lair:3)
  2 trolls
  The ghost of grouchysmurf the Poker, an amateur MfSk of Ru (D:5)
  13 blink frogs
  Prince Ribbit (D:6)
  6 hippogriffs
  Grinder (D:6)
  10 dream sheep (Lair:6)
  5 wraiths
  Eustachio (D:6)
  3 wyverns
  77 yaks
  2 basilisks
  2 hungry ghosts
  A steam dragon (D:12)
  2 insubstantial wisps (Lair:4)
  2 soldier ants (D:8)
  4 swamp worms (Lair:4)
  15 water moccasins
  5 porcupines
  3 sky beasts
  3 black bears
  5 orc warriors
  5 ice beasts
  2 necrophages
  A phantom (D:12)
  3 eyes of draining
  7 centaurs
  4 wolves (Lair:5)
  13 ogres
  14 crocodiles
  2 big kobolds
  Blork the orc (D:6)
  15 bullfrogs
  8 gnoll sergeants (D:10)
  3 scorpions
  6 killer bees
  2 howler monkeys (D:8)
  A bullfrog zombie (D:5)
  2 hounds
  A jelly (D:7)
  Crazy Yiuf (D:4)
  6 orc priests
  2 centaur skeletons
  3 bullfrog skeletons
  An iguana (D:5)
  6 orc wizards
  11 worker ants
  7 gnolls
  11 adders
  2 shadow imps
  2 oozes (D:2)
  An adder skeleton (D:4)
  3 worms
  A dart slug (D:1)
  6 leopard geckos
  44 orcs
  8 giant cockroaches
  9 goblins
  10 hobgoblins
  10 jackals
  A quokka (D:8)
  A ball python (D:2)
  21 bats
  8 frilled lizards
  A jackal zombie (D:7)
  9 kobolds
  11 rats
  A fungus (Lair:5)
523 creatures vanquished.

Vanquished Creatures (others)
  4 bushes (Lair:3)
  4 fungi
  9 plants
  5 toadstools (D:3)
22 creatures vanquished.

Grand Total: 545 creatures vanquished

Notes
Turn   | Place    | Note
-------+----------+-------------------------------------------
     0 | D:1      | Borgoz the Gargoyle Berserker began the quest for the Orb.
     0 | D:1      | Reached XP level 1. HP: 14/14 MP: 1/1
    33 | D:1      | Reached XP level 2. HP: 19/19 MP: 2/2
   388 | D:1      | Reached XP level 3. HP: 19/23 MP: 3/3
   410 | D:1      | Reached ** piety under Trog
  1103 | D:2      | Reached XP level 4. HP: 21/28 MP: 4/4
  1585 | D:3      | Found a sparkling altar of Nemelex Xobeh.
  1687 | D:3      | Reached XP level 5. HP: 32/32 MP: 5/5
  2819 | D:4      | Noticed an ogre
  2823 | D:4      | Killed an ogre
  2823 | D:4      | Reached XP level 6. HP: 37/37 MP: 6/6
  2866 | D:4      | Reached *** piety under Trog
  2977 | D:4      | Reached skill level 5 in Long Blades
  3041 | D:4      | Found a glowing drain.
  3045 | Sewer    | Entered a sewer
  3094 | Sewer    | Reached XP level 7. HP: 27/41 MP: 7/7
  3228 | D:4      | Found a shimmering blue altar of Sif Muna.
  3669 | D:4      | Found a runed translucent door.
  3670 | D:4      | Noticed Crazy Yiuf
  3779 | D:4      | Found a hazy altar of Hepliaklqana.
  3788 | D:4      | Found a basalt altar of Yredelemnul.
  3789 | D:4      | Found a hide-covered altar of Uskayaw.
  3789 | D:4      | Found a radiant altar of Vehumet.
  4040 | D:4      | Killed Crazy Yiuf
  4107 | D:5      | Entered Level 5 of the Dungeon
  4107 | D:5      | Found a transporter.
  4107 | D:5      | Found a transporter.
  4107 | D:5      | Noticed grouchysmurf's ghost (amateur MfSk)
  4122 | D:5      | Identified the +10 great mace "Micwi" {antimagic, *Noise
                  | rF++}
  4156 | D:5      | Reached skill level 5 in Armour
  4177 | D:5      | Reached **** piety under Trog
  4190 | D:5      | Reached XP level 8. HP: 41/46 MP: 8/8
  4768 | D:6      | Noticed Eustachio
  4792 | D:6      | Noticed Prince Ribbit
  4796 | D:6      | Killed Eustachio
  5003 | D:6      | Found a staircase to the Ecumenical Temple.
  5015 | D:6      | Got an ancient dagger
  5016 | D:6      | Identified the +2 dagger "Killer Klown's Death" {vamp,
                  | +Rage rF+ rC- Stlth+} (You found it on level 6 of the
                  | Dungeon)
  5033 | D:6      | Noticed Grinder
  5035 | D:6      | Noticed Blork the orc
  5055 | D:6      | Killed Blork the orc
  5059 | D:6      | Killed Grinder
  5215 | D:6      | Reached XP level 9. HP: 52/52 MP: 9/9
  5244 | D:6      | Reached skill level 1 in Evocations
  5358 | D:6      | Killed Prince Ribbit
  5358 | D:6      | Reached skill level 5 in Dodging
  5951 | D:7      | Reached skill level 5 in Fighting
  6731 | D:8      | Reached XP level 10. HP: 60/60 MP: 11/11
  7286 | D:9      | Killed an unseen horror
  7300 | D:10     | Entered Level 10 of the Dungeon
  7781 | D:10     | Reached ***** piety under Trog
  7781 | D:10     | Received a gift from Trog
  7831 | D:10     | Reached XP level 11. HP: 51/68 MP: 12/12
  7911 | D:10     | Found a staircase to the Orcish Mines.
  8104 | D:9      | Noticed Erica
  8133 | D:9      | Killed Erica
  8184 | D:9      | Found a staircase to the Lair.
  8273 | D:9      | Found a blossoming altar of Fedhas.
  8317 | D:9      | Found a sacrificial altar of Ru.
  8506 | D:5      | Killed grouchysmurf's ghost
  8648 | D:11     | Noticed a soul eater
  8654 | D:11     | Received a gift from Trog
  8654 | D:11     | Reached skill level 10 in Armour
  8723 | D:11     | Noticed Fannar
  9006 | D:11     | Killed Fannar
  9068 | D:11     | Reached skill level 10 in Long Blades
  9501 | D:12     | Reached XP level 12. HP: 66/76 MP: 13/13
  9511 | D:12     | Noticed a two-headed ogre
  9517 | D:12     | Received a gift from Trog
  9518 | D:12     | Killed a two-headed ogre
  9538 | D:12     | Noticed a four-headed hydra
  9633 | Lair:1   | Entered Level 1 of the Lair of Beasts
 10158 | Lair:1   | Noticed Nergalle
 10181 | Lair:1   | Killed Nergalle
 10229 | Lair:1   | Reached skill level 10 in Fighting
 10709 | Lair:2   | Noticed Sonja
 11060 | Lair:2   | Killed Sonja
 11060 | Lair:2   | Reached XP level 13. HP: 84/84 MP: 12/14
 11132 | Lair:2   | Received a gift from Trog
 11310 | Lair:2   | Found a hole to the Spider Nest.
 12640 | Lair:4   | Noticed Josephine
 12650 | Lair:4   | Killed Josephine
 12865 | Lair:4   | Found a staircase to the Swamp.
 13134 | Lair:4   | HP: 2/84 [swamp worm (7)]
 13144 | Lair:4   | Received a gift from Trog
 13149 | Lair:4   | HP: 2/126 [moth of wrath (7)]
 13925 | Lair:5   | Reached skill level 10 in Dodging
 14338 | Lair:5   | Noticed Rupert
 14357 | Lair:5   | Killed Rupert
 14357 | Lair:5   | Gained mutation: Your large and strong wings let you fly
                  | indefinitely. [Gargoyle growth]
 14357 | Lair:5   | Reached XP level 14. HP: 92/92 MP: 11/15
 14912 | Lair:6   | Entered Level 6 of the Lair of Beasts
 14930 | Lair:6   | Noticed Snorg
 15215 | Lair:6   | Killed Snorg
 15395 | Lair:6   | Received a gift from Trog
 15901 | Lair:6   | Found a staircase to the Slime Pits.
 15901 | Lair:6   | Found a viscous altar of Jiyva.
 16038 | Lair:6   | Received a gift from Trog
 16049 | Lair:6   | HP: 6/138 [death yak (9)]
 16061 | Lair:6   | HP: 4/141 [dream sheep (4)]
 16067 | Lair:6   | Slain by a yak

Levels and vault maps discovered:
D:1:      lightli_iron_boxes, layout_rooms, minivault_11
D:2:      minmay_wonky_spiral, layout_basic, chequers_serial_rivers_small_a,
          grunt_ministairs_14
D:3:      layout_basic, minmay_gold_behind_fungi, nemelex_diamond_rough_becter
D:4:      minmay_general_purpose_star, layout_basic, minitemple, first_ration,
          gup_sewer_entry_spiral, lemuel_blue_sif_altar, uniq_crazy_yiuf_cottage
D:5:      layout_gridville, gammafunk_ghost_smash
D:6:      layout_loops_ring, minmay_temple_entry_stoned_glass,
          uniq_blork_the_orc, uniq_prince_ribbit1, uniq_eustachio, uniq_grinder
D:7:      layout_basic, dk_noncrumbling_3
D:8:      layout_basic, hangedman_pestilent_swarm, minivault_5, nrook_campfire
D:9:      layout_rooms, nicolae_ru_great_annihilating_truth,
          lemuel_doored_altar, lair_entry_dummy, uniq_erica
D:10:     layout_basic, kennysheep_orc_monster_closet_entryway, special_room
          [special_room_orc]
D:11:     layout_cave_pools, uniq_fannar
D:12:     layout_rooms, minmay_rotating_lava
Lair:1:   layout_roguey, serial_bayou_shore_b, infiniplex_staircase_pool,
          grunt_megastairs_3, uniq_nergalle
Lair:2:   layout_loops_ring, dummy_spider_entry, grunt_forest_stairs_basic,
          lemuel_fruit_tree, uniq_sonja
Lair:3:   layout_gridlike, serial_rivers, chequers_serial_rivers_micro_a,
          chequers_serial_rivers_marsh, chequers_serial_rivers_micro_a,
          chequers_serial_rivers_large_a, st_stairs_8, minmay_hedge_maze
Lair:4:   layout_small_grid, minmay_swamp_entry_wisps,
          chequers_serial_rivers_micro_d, minmay_holes, worms_lemuel,
          uniq_josephine
Lair:5:   layout_cave_pods, uniq_rupert
Lair:6:   evilmike_catoblepas_cave, layout_cave_shapes, slime_altar_1,
          minmay_lair_oklob_chamber, uniq_snorg

Skill      XL: |  1  2  3  4  5  6  7  8  9 10 11 12 13 14 |
---------------+-------------------------------------------+-----
Long Blades    | 3 4 5 6 7 8 9 10 11 12 13 | 13.4
Dodging        | 2 3 4 5 7 8 9 10 | 10.9
Armour         | 3 4 5 6 7 9 10 11 12 13 | 13.8
Evocations     | 1 |  1.3
Fighting       | 5 7 9 10 12 13 | 13.0

Action                   |  1- 3 |  4- 6 |  7- 9 | 10-12 | 13-15 || total
-------------------------+-------+-------+-------+-------+-------++-------
Melee: Falchion          |   100 |    50 |       |       |       ||   150
       Long sword        |       |   168 |   308 |   256 |       ||   732
       Dagger            |       |       |     7 |       |       ||     7
       Scimitar          |       |       |       |   498 |   562 ||  1060
       Great sword       |       |       |       |       |    49 ||    49
Invok: Berserk           |     3 |     4 |     7 |     8 |     5 ||    27
       Trog's Hand       |       |       |     1 |     6 |     5 ||    12
Evoke: Wand              |       |       |       |     2 |       ||     2
  Use: Scroll            |     1 |    10 |     5 |     3 |     5 ||    24
       Potion            |       |       |       |     1 |     2 ||     3
 Stab: Sleeping          |     1 |       |       |       |       ||     1
  Eat: Chunk             |     3 |    11 |    14 |    27 |    19 ||    74
       Ration            |       |       |     3 |       |     1 ||     4
Armor: Animal skin       |    35 |       |       |       |       ||    35
       Ring mail         |     2 |   156 |   119 |       |       ||   277
       Plate armour      |       |       |    81 |   217 |       ||   298
       Chain mail        |       |       |       |   368 |   536 ||   904
Dodge: Dodged            |    69 |   150 |   176 |   516 |   715 ||  1626
       Rpst.: Falchion   |    23 |    13 |       |       |       ||    36
       Long sword        |       |    32 |    49 |    44 |       ||   125
       Scimitar          |       |       |       |   115 |   175 ||   290
       Great sword       |       |       |       |       |     8 ||     8

Table legend:
 A = Non-vault XP
 B = Vault XP
 C = Vault XP percentage of total XP
 D = Non-vault monster count
 E = Vault monster count
 F = Vault count percentage of total count
                 A         B        C        D         E       F
            +---------+---------+-------+---------+---------+-------
      Total |   68169 |   17969 |  20.9 |     422 |     100 |  19.2
            +---------+---------+-------+---------+---------+-------
        D:1 |      51 |       0 |   0.0 |      32 |       0 |   0.0
        D:2 |      64 |      23 |  26.4 |      17 |       7 |  29.2
        D:3 |     155 |       0 |   0.0 |      28 |       0 |   0.0
        D:4 |     519 |      57 |   9.9 |      20 |       9 |  31.0
        D:5 |     585 |     517 |  46.9 |      17 |       3 |  15.0
        D:6 |     338 |     842 |  71.4 |       5 |       4 |  44.4
        D:7 |     969 |       0 |   0.0 |      13 |       0 |   0.0
        D:8 |    1267 |     383 |  23.2 |      16 |       4 |  20.0
        D:9 |    2237 |    1002 |  30.9 |      10 |       5 |  33.3
       D:10 |    1096 |    2165 |  66.4 |      21 |      36 |  63.2
       D:11 |    3734 |    1043 |  21.8 |      26 |       1 |   3.7
       D:12 |    3063 |       0 |   0.0 |      24 |       0 |   0.0
     Lair:1 |    4507 |     947 |  17.4 |      19 |       2 |   9.5
     Lair:2 |    7392 |     795 |   9.7 |      29 |       1 |   3.3
     Lair:3 |    5153 |       0 |   0.0 |      20 |       0 |   0.0
     Lair:4 |    4039 |    3305 |  45.0 |      20 |      12 |  37.5
     Lair:5 |    6817 |    2918 |  30.0 |      25 |       1 |   3.8
     Lair:6 |   26183 |    3857 |  12.8 |      80 |       9 |  10.1
      Sewer |       0 |     115 | 100.0 |       0 |       6 | 100.0
            +---------+---------+-------+---------+---------+-------
